 BcadrenCrawl: Boulder Brew version 0.05.21-79-gb55797d592 (webtiles) character file.

Game seed: 15126169835531255753, levelgen mode: deterministic

9731 esc the Carver (level 11, -1/81 HPs) Oozomorph Berserker. Began on Sept 3, 2021. Was a High Priest of Trog. Slain by a spectral orc knight ... wielding a +0 halberd ... summoned by Nergalle (4 damage) ... on level 5 of the Dungeon. The game lasted 00:21:49 (4919 turns).

esc the Carver (Oozomorph Berserker)                Turns: 4919, Time: 00:21:49

Health: -1/81      AC: 22    Str: 26    XL:     11 ^: 7946
Magic:  20/20      EV:  3    Int: 11    God:    Trog [5* [156]]
Gold:   299        SH:  5    Dex: 24    Spells: 10/10 levels left

rFire    . . .     Vision   .   o - +5 great sword (slice)
rCold    . . .     Gourm    .   (also wielding the above weapon)
rNeg     . . .     Faith    .   n - +2 leather armour {MR+}
rCorr    + + +     Spirit   .   k - +0 cloak {Str+3}
rPois    .         Reflect  +   h - +0 chain mail {Str+3}
rElec    .         Harm     .   p - +0 troll leather {Str+3} {Purgy}
MR       ++...     Rnd*Rage +   i - +1 dagger (acid)
Stlth    ++........             a - amulet of reflection
HPRegen  0.77/turn              m - ring of magical power
MPRegen  0.30/turn              (no ring)

@: heavily drained
A: spit poison 1, INT +4, DEX +7, cytoplasmic subsumption, amorphous body,
gelatinous body 1
a: Spit Poison, Subsume Item, Eject Item, Berserk, Trog's Hand, Brothers in
Arms, Renounce Religion


You were on level 5 of the Dungeon.
You worshipped Trog.
Trog was extremely pleased with you.
You were not hungry.

You visited 1 branch of the dungeon, and saw 5 of its levels.

You collected 299 gold pieces.

Inventory:

Weapons
 i - a +1 dagger of caustic ooze (subsumed)
 o - a +5 great sword of slicing (weapon) Shields
 A - a cursed +1 scutum of fire resistance {(Curse: *Slow)}
Armour
 h - a +0 chain mail of strength (worn)
 k - a +0 cloak of strength (worn)
 n - a +2 leather armour of magic resistance (worn)
 p - a +0 troll leather of strength (worn) {Purgy}
Jewellery
 a - an amulet of reflection (around neck)
 j - an uncursed ring of fire
 m - a ring of magical power (left hand)
Wands
 x - a wand of flame (2)
 y - a wand of scattershot (1)
 C - a wand of polymorph (13)
 D - a wand of acid (1)
 E - a wand of clouds (6)
Scrolls
 b - 2 scrolls of fog
 e - 2 scrolls of enchantment
 f - 4 scrolls of teleportation
 s - 2 scrolls of fear
 w - 2 scrolls of bless item
Potions
 d - a potion of agility
 g - a potion of cancellation
 l - a potion of curing
 q - a potion of haste
 r - 2 potions of resistance
 u - 3 potions of heal wounds
 z - a potion of brilliance
 B - a potion of berserk rage
Comestibles
 c - 16 rations
 t - 18 chunks of flesh


   Skills:
 + Level 9.7(7.7) Fighting
 + Level 11.0(9.0) Long Blades
 + Level 7.8(5.9) Armour
 + Level 7.0(5.2) Dodging


You had 10 spell levels left.
You didn't know any spells.
Your spell library was empty.

Dungeon Overview and Level Annotations

Branches:
Dungeon (5/8)              Temple (0/1) D:4
   Lair: D:5

Altars:
Sif Muna
Wu Jian
Zin

Annotations:
D:5 Nergalle


Innate Abilities, Weirdness & Mutations

You may subsume any weapon, armour, or jewellery into your cytoplasm to benefit from its magical properties.
Your body is completely amorphous, allowing you to wear any combination of armour.
You have seven amorphous slots; replacing the normal gear slots.
Body armours and bardings take two slots, all other armours take one.
Your gelatinous form is immune to acid, constriction and sticky flames. (rCorr+, Slime)
You frequently lose your temper in combat.
This godly rage surpasses even clarity. (*Rage)
You can spit venom.
You are very clever and extremely agile. (INT +4, DEX +7)


Message History

The bolt of negative energy hits you (17)!
You feel drained.
* * * LOW HITPOINT WARNING * * *
The spectral orc knight is lost in a daze.
The spectral orc knight hits you but does no damage.
You block the iguana's attack.
A hungry ghost comes into view.
Nergalle gestures at you while chanting.
Orcish apparitions take form around you.
The iguana bites you but does no damage.
You slash Nergalle (10)!
Nergalle is almost dead. (3/56) HP Nergalle hits you with a cursed +1 dagger of holy wrath {(Curse: Fragile)} (3).
* * * LOW HITPOINT WARNING * * *
The spectral orc knight hits you but does no damage.
The spectral orc knight hits you with an enchanted broad axe (2).
* * * LOW HITPOINT WARNING * * *
The iguana bites you but does no damage.
The spectral orc knight hits you from afar with a halberd (4).
You die...

........... #.#.#.#...
.......... #.#.#.W..#
.........# #.#.#.#.Z#
.........######
......o@l.....#
......ZZ......#
#######..###### #..#
#..# #..# #..# #..######
################.......#


You could see Nergalle, 3 spectral orc knights, a hungry ghost and an iguana.

Vanquished Creatures
  An unseen horror (D:5)
  A two-headed ogre (D:5)
  Joseph (D:4)
  Psyche (D:5)
  A queen bee (D:4)
  Prince Ribbit (D:3)
  2 wraiths
  A vampire (D:5)
  4 yaks (D:5)
  A wyvern (D:5)
  A hungry ghost (D:5)
  2 vampire mosquitoes (D:5)
  A phantom (D:5)
  2 guardian mummies (D:3)
  Purgy (D:2)
  2 orc warriors (D:4)
  A necrophage (D:5)
  A porcupine (D:4)
  7 scorpions
  2 water moccasins (D:2)
  A black bear (D:5)
  3 ogres
  2 big kobolds (D:2)
  3 bullfrogs
  A centaur (D:3)
  2 howler monkeys
  13 killer bees (D:4)
  10 wights
  2 orc priests (D:3)
  3 hounds
  7 jellies
  4 orc wizards
  2 mummies (D:3)
  2 iguanas
  A water moccasin zombie (D:3)
  4 worker ants
  8 giant cockroaches
  A porcupine zombie (D:3)
  A porcupine skeleton (D:3)
  6 bullfrog skeletons
  4 adders
  39 sewer rats (D:2)
  A white imp (D:4)
  13 cinder newts
  6 worms
  2 giant cockroach zombies (D:3)
  A hound zombie (D:3)
  A howler monkey zombie (D:3)
  2 worker ant zombies (D:3)
  5 oozes
  2 howler monkey skeletons (D:3)
  A dart slug (D:1)
  An adder zombie (D:3)
  6 leopard geckos
  16 orcs
  4 adder skeletons (D:3)
  4 ball pythons (D:2)
  6 bats
  2 cinder newt skeletons (D:2)
  10 goblins (D:1)
  2 hobgoblins (D:1)
  3 jackals (D:4)
  2 quokkas (D:3)
  A bat skeleton (D:3)
  A hobgoblin skeleton (D:2)
  3 jackal skeletons (D:3)
  11 kobolds
  3 leopard gecko skeletons (D:3)
  A quokka skeleton (D:3)
  7 rats (D:1)
  A withered plant (D:2)
271 creatures vanquished.

Vanquished Creatures (collateral kills)
  A death knight (D:5)
  The ghost of ciccio the Cleaver, a novice MiBe of Trog (D:5)
2 creatures vanquished.

Vanquished Creatures (others)
  A jelly (D:2)
  A leopard gecko (D:2)
  A bat (D:2)
  A bat skeleton (D:2)
  105 withered plants (D:2)
109 creatures vanquished.

Grand Total: 382 creatures vanquished

Notes
Turn   | Place    | Note
-------+----------+-------------------------------------------
     0 | D:1      | esc the Oozomorph Berserker began the quest for the Orb.
     0 | D:1      | Reached XP level 1. HP: 16/16 MP: 1/1
    26 | D:1      | Reached XP level 2. HP: 21/21 MP: 2/2
   142 | D:1      | Reached skill level 4 in Long Blades
   142 | D:1      | Reached XP level 3. HP: 24/26 MP: 3/3
   202 | D:1      | Received a gift from Trog
   258 | D:1      | Reached XP level 4. HP: 31/31 MP: 4/4
   304 | D:1      | Reached ** piety under Trog
   304 | D:1      | Reached skill level 5 in Long Blades
   696 | D:2      | Noticed a big kobold
   698 | D:2      | Reached XP level 5. HP: 32/36 MP: 5/5
   701 | D:2      | Noticed a water moccasin
   702 | D:2      | Reached skill level 6 in Long Blades
   711 | D:2      | Killed a water moccasin
   711 | D:2      | Reached skill level 7 in Long Blades
   711 | D:2      | Reached XP level 6. HP: 39/42 MP: 6/6
   977 | D:2      | Reached XP level 7. HP: 46/46 MP: 7/7
   979 | D:2      | Reached *** piety under Trog
  1375 | D:2      | Received a gift from Trog
  1375 | D:2      | Reached skill level 8 in Long Blades
  1447 | D:2      | Noticed Purgy
  1454 | D:2      | Killed Purgy
  1454 | D:2      | Reached XP level 8. HP: 42/54 MP: 8/8
  1617 | D:2      | Found a shimmering blue altar of Sif Muna.
  1622 | D:2      | Reached skill level 5 in Fighting
  1641 | D:2      | Reached **** piety under Trog
  2190 | D:2      | Gained mutation: You can spit venom. [potion of mutation]
  2389 | D:3      | Connectivity tunneler affected ossuary_due_mausoleum.
  2389 | D:3      | Connectivity tunneler affected ossuary_due_mausoleum.
  2389 | D:3      | Connectivity tunneler affected ossuary_due_mausoleum.
  2389 | D:3      | Connectivity tunneler affected ossuary_due_mausoleum.
  2419 | D:3      | Noticed Prince Ribbit
  2427 | D:3      | Killed Prince Ribbit
  2518 | D:3      | Reached XP level 9. HP: 62/62 MP: 9/9
  2520 | D:3      | Reached skill level 9 in Long Blades
  2639 | D:3      | Found an ornate altar of the Wu Jian Council.
  2676 | D:3      | Found a glowing silver altar of Zin.
  2772 | D:3      | Received a gift from Trog
  2997 | D:3      | Reached skill level 5 in Armour
  3015 | D:3      | Reached ***** piety under Trog
  3093 | D:3      | Reached skill level 5 in Dodging
  3714 | D:4      | Received a gift from Trog
  3714 | D:4      | Reached XP level 10. HP: 62/72 MP: 10/10
  3881 | D:4      | Reached skill level 10 in Long Blades
  3924 | D:4      | Noticed Joseph
  3932 | D:4      | Killed Joseph
  4307 | D:4      | Found a staircase to the Ecumenical Temple.
  4524 | D:5      | Entered Level 5 of the Dungeon
  4571 | D:5      | Found a transporter.
  4571 | D:5      | Noticed ciccio's ghost (novice MiBe)
  4602 | D:5      | Noticed Psyche
  4605 | D:5      | Noticed a death knight
  4608 | D:5      | Killed Psyche
  4624 | D:5      | Killed an unseen horror
  4685 | D:5      | Found a transporter.
  4724 | D:5      | Reached XP level 11. HP: 80/80 MP: 11/11
  4730 | D:5      | Killed a death knight
  4730 | D:5      | Received a gift from Trog
  4730 | D:5      | Killed ciccio's ghost
  4835 | D:5      | Noticed a two-headed ogre
  4842 | D:5      | Killed a two-headed ogre
  4842 | D:5      | Reached skill level 11 in Long Blades
  4902 | D:5      | Noticed Nergalle
  4919 | D:5      | HP: 3/81 [spectral orc knight/enchanted broad axe[Nergalle]
                  | (2)]
  4919 | D:5      | Slain by a spectral orc knight

Levels and vault maps discovered:
D:1:      roderic_dead_forest, layout_rooms, first_ration
D:2:      layout_sewer, lemuel_round_altar, purgy_house
D:3:      ossuary_due_mausoleum, layout_rooms, lemuel_round_altar,
          kennysheep_mini, chequers_serial_rivers_large_a, uniq_prince_ribbit1
D:4:      layout_cave_pods, minmay_temple_entry_enclosed_plants, david_nohive_1,
          uniq_joseph
D:5:      layout_small_grid, lair_entry_dummy, gammafunk_ghost_mausoleum,
          serial_glass, glass_columns_c, glass_columns_a, minmay_quadrilaterals,
          uniq_nergalle, uniq_josephine, uniq_pikel, uniq_psyche

Skill      XL: |  1  2  3  4  5  6  7  8  9 10 11 |
---------------+----------------------------------+-----
Long Blades    | 4 5 7 8 9 10 11 | 11.0
Armour         | 2 3 4 6 7 |  7.8
Dodging        | 3 4 5 6 7 |  7.0
Fighting       | 4 6 7 9 |  9.7

Action                   |  1- 3 |  4- 6 |  7- 9 | 10-12 || total
-------------------------+-------+-------+-------+-------++-------
Melee: Falchion          |    40 |       |       |       ||    40
       Unarmed           |    28 |    31 |    38 |       ||    97
       Scimitar          |     2 |    57 |    61 |       ||   120
       Great sword       |       |       |   206 |   125 ||   331
Throw: Stone             |     4 |       |       |       ||     4
       Rusty metal       |     4 |       |       |       ||     4
       Skull             |     2 |       |       |       ||     2
       Bone              |     2 |       |       |       ||     2
Invok: Berserk           |       |     1 |     1 |     3 ||     5
       Brothers in Arms  |       |       |       |     1 ||     1
 Abil: Subsume Item      |       |     4 |       |       ||     4
       Spit Poison       |       |       |     2 |     3 ||     5
  Use: Scroll            |       |       |     3 |     2 ||     5
       Potion            |       |       |     3 |     4 ||     7
 Stab: Sleeping          |       |     1 |     3 |     2 ||     6
       Distracted        |       |       |     1 |       ||     1
  Eat: Chunk             |       |     1 |     8 |     7 ||    16
       Ration            |       |       |     1 |       ||     1
Armor: Skin              |    11 |     5 |   201 |   118 ||   335
Dodge: Dodged            |    40 |    42 |    18 |    17 ||   117
Block: Other             |     1 |     1 |    49 |    40 ||    91
       Reflection        |       |       |     2 |     6 ||     8
       Rpst.: Falchion   |    13 |       |       |       ||    13
       Scimitar          |       |    17 |     3 |       ||    20
       Great sword       |       |       |     6 |     5 ||    11
